Map: Deathaura LE

Players

CrOOked

  • Race: Protoss Protoss
  • League: Gold
  • Spawn Location: 11:00

ViBE - Winner!

  • Race: Zerg Zerg
  • League: Platinum
  • Spawn Location: 5:00

VOD

Have the link to the VOD?

Description

Time

  • Played on: March 30, 2021, 10:56 p.m.
  • Length: 19:19
Show
View Real Time Build Order
Export as new Build Order

CrOOked Protoss 

Build Orders: 1 Gate Expand 

Get SALT Encoding   

  12  0:00  Probe  
  13  0:12  Probe  
  14  0:23  Pylon  
  14  0:26  Probe  
  15  0:41  Probe, Gateway  
  16  0:45  Assimilator  
  16  0:53  Probe  
  17  1:08  Probe  
  18  1:20  Probe  
  19  1:28  Cybernetics Core  
  19  1:35  Nexus  
  19  1:41  Probe  
  19  1:46  Assimilator  
  20  1:54  Probe  
  21  1:57  Warp Gate  
  21  2:04  Pylon, Stalker (Chrono Boost)  
  23  2:14  Shield Battery  
  23  2:31  Twilight Council  
  23  2:32  Stalker (Chrono Boost)  
  25  2:40  Probe  
  26  2:53  Pylon  
  26  3:00  Probe (Chrono Boost)  
  26  3:05  Probe (Chrono Boost)  
  28  3:08  Charge  
  28  3:12  Probe (Chrono Boost)  
  29  3:16  Probe (Chrono Boost)  
  29  3:18  Probe (Chrono Boost)  
  31  3:22  Robotics Facility  
  31  3:26  Probe  
  32  3:30  Probe  
  33  3:47  Zealot  
  35  3:49  Gateway  
  35  3:50  Probe x2, Gateway  
  37  4:02  Probe x2 (Chrono Boost)  
  39  4:13  Probe x2 (Chrono Boost)  
  39  4:16  Immortal  
  45  4:18  Probe (Chrono Boost)  
  45  4:22  Sentry  
  48  4:37  Probe x2  
  50  4:44  Assimilator  
  50  4:46  Zealot x2, Assimilator  
  50  4:50  Phoenix  
  50  4:51  Pylon  
  54  4:53  Pylon  
  54  5:01  Pylon  
  54  5:13  Gateway  
  54  5:14  Gateway  
  54  5:27  Zealot x3  
  60  5:35  Pylon  
  60  5:49  Immortal (Chrono Boost)  
  64  5:58  Probe x2, Templar Archives  
  66  6:10  Probe  
  67  6:13  Forge  
  67  6:15  Forge  
  67  6:18  Pylon  
  67  6:19  Nexus  
  67  6:22  Pylon  
  67  6:24  Pylon  
  67  6:25  Observer (Chrono Boost)  
  68  6:30  Gateway  
  68  6:39  Warp Prism  
  70  6:46  Gateway  
  70  6:50  Psionic Storm  
  70  6:56  High Templar  
  70  6:57  High Templar x3  
  70  6:58  High Templar  
  80  7:20  Gateway  
  80  7:22  Gateway  
  80  7:24  Gateway  
  80  7:26  Gateway  
  80  7:30  Assimilator  
  80  7:32  Probe x2  
  80  7:33  Probe  
  80  7:34  Assimilator  
  83  7:39  Robotics Bay  
  83  7:42  Pylon, Zealot x4  
  91  7:55  Probe x3  
  94  8:07  Protoss Ground Weapons Level 1 (Chrono Boost)  
  94  8:08  Protoss Ground Armor Level 1 (Chrono Boost)  
  94  8:10  Probe  
  94  8:11  Probe x2  
  97  8:22  Robotics Facility  
  97  8:25  Zealot x5  
  97  8:26  Zealot  
  109  8:31  Probe x3  
  109  8:32  Extended Thermal Lance (Chrono Boost)  
  112  8:43  Probe  
  112  8:44  Probe x2  
  115  8:55  Stalker x2, Probe  
  115  8:56  Stalker x2, Probe x2  
  126  9:18  Pylon  
  126  9:20  Pylon  
  126  9:23  Pylon  
  126  9:27  Pylon  
  126  9:31  Pylon  
  132  9:50  Colossus (Chrono Boost)  
  132  9:55  Colossus (Chrono Boost)  
  132  9:58  Nexus  
  138  10:01  Pylon  
  138  10:04  Pylon  
  138  10:06  Pylon  
  138  10:10  Pylon  
  116  10:22  Zealot x3  
  102  10:31  Zealot  
  102  10:32  Zealot x4  
  102  10:33  Zealot x3  
  108  10:48  Stalker x3  
  114  11:04  High Templar x5  
  116  11:05  High Templar x2  
  128  11:14  Protoss Ground Weapons Level 2 (Chrono Boost)  
  128  11:15  Protoss Ground Armor Level 2 (Chrono Boost)  
  128  11:20  Stargate  
  128  11:22  Stargate  
  128  11:28  Probe x4  
  128  11:31  Colossus x2  
  144  11:40  Probe x4  
  148  11:47  Gateway  
  148  11:49  Gateway  
  148  11:51  Zealot x4, Gateway  
  148  11:52  Zealot  
  158  12:17  Phoenix x2  
  158  12:19  Fleet Beacon  
  158  12:21  Pylon  
  162  12:30  Protoss Air Weapons Level 1 (Chrono Boost), Probe x2  
  162  12:31  Probe x2  
  162  12:32  Assimilator  
  162  12:34  Assimilator  
  102  13:05  Zealot x6  
  94  13:06  Zealot x2  
  94  13:09  Zealot x3  
  88  13:32  Zealot x2  
  88  13:33  Zealot x5  
  88  13:34  Zealot x4  
  108  14:21  High Templar x4  
  108  14:22  High Templar x3  
  116  14:38  Zealot x3  
  118  14:39  Zealot  
Show
View Real Time Build Order
Export as new Build Order

ViBE Zerg - Winner!

Build Orders: Hatch First, Roach Hydra 

Get SALT Encoding   

  12  0:01  Drone  
  13  0:14  Overlord  
  13  0:22  Drone  
  14  0:35  Drone  
  14  0:36  Drone  
  16  0:50  Hatchery  
  16  0:53  Drone  
  16  0:57  Drone  
  16  1:03  Drone  
  18  1:13  Spawning Pool  
  18  1:16  Drone  
  18  1:24  Drone  
  19  1:31  Drone  
  20  1:34  Extractor  
  19  1:55  Drone  
  20  2:02  Queen  
  20  2:03  Queen  
  20  2:04  Drone x3  
  27  2:13  Overlord  
  27  2:19  Drone  
  28  2:36  Drone x3  
  28  2:37  Drone  
  32  2:42  Lair  
  32  2:43  Queen  
  34  2:48  Overlord x2  
  34  2:56  Overlord  
  34  3:08  Drone x3  
  37  3:13  Drone x6  
  37  3:18  Roach Warren  
  37  3:19  Evolution Chamber  
  41  3:22  Drone x2  
  43  3:30  Overlord, Extractor x2  
  41  3:35  Drone  
  42  3:42  Drone x5  
  42  3:43  Drone  
  48  3:55  Overlord  
  48  4:00  Glial Reconstitution, Hatchery  
  48  4:01  Zerg Missile Weapons Level 1  
  47  4:06  Roach  
  47  4:08  Roach  
  51  4:25  Roach x5  
  51  4:26  Overlord x2  
  61  4:32  Drone x3  
  64  4:40  Drone x2  
  64  4:45  Queen  
  68  4:51  Overseer  
  68  4:54  Drone x8  
  76  5:12  Drone x3  
  79  5:19  Hydralisk Den, Drone x2  
  80  5:22  Drone  
  80  5:24  Evolution Chamber  
  80  5:31  Extractor  
  79  5:45  Drone x9  
  79  5:46  Drone x2  
  79  5:48  Extractor  
  79  5:49  Extractor  
  88  5:50  Grooved Spines  
  88  5:51  Zerg Ground Armor Level 1  
  88  5:55  Zerg Missile Weapons Level 2  
  88  6:17  Hatchery  
  87  6:36  Hydralisk  
  87  6:37  Overlord  
  87  6:38  Overlord x6  
  89  6:42  Overlord x3  
  89  7:02  Muscular Augments  
  89  7:03  Hydralisk  
  89  7:04  Hydralisk x13  
  89  7:06  Hydralisk  
  89  7:08  Drone  
  120  7:33  Drone x10  
  130  7:47  Drone x11  
  130  7:48  Drone  
  142  8:00  Hydralisk x4  
  142  8:01  Hydralisk  
  152  8:06  Overlord  
  152  8:14  Extractor  
  152  8:15  Extractor  
  152  8:16  Roach x5  
  152  8:17  Roach x8  
  176  8:20  Zerg Ground Armor Level 2  
  176  8:24  Overlord  
  176  8:33  Hatchery  
  175  8:48  Overlord  
  175  8:49  Hydralisk x8  
  191  9:03  Overlord  
  191  9:07  Roach x4, Infestation Pit  
  191  9:08  Roach  
  160  10:22  Roach  
  160  10:23  Hydralisk, Roach x17  
  160  10:24  Hydralisk x6  
  160  10:25  Hydralisk x4  
  160  10:26  Hydralisk x4  
  186  10:28  Hive  
  186  10:32  Lurker Den  
  157  10:36  Spore Crawler  
  157  10:38  Spine Crawler x2  
  157  10:42  Spore Crawler  
  153  10:44  Spine Crawler  
  153  10:46  Spine Crawler  
  153  10:47  Spine Crawler  
  153  10:48  Spine Crawler  
  153  10:49  Spore Crawler x2  
  147  10:51  Spine Crawler  
  147  10:52  Spore Crawler, Spine Crawler  
  147  10:54  Spine Crawler  
  147  10:55  Spine Crawler, Drone x8  
  147  10:56  Drone x10  
  160  10:59  Drone  
  160  11:02  Extractor x2  
  160  11:03  Hydralisk  
  160  11:04  Hydralisk x3  
  159  11:08  Overseer  
  159  11:11  Overseer  
  167  11:13  Hydralisk  
  167  11:14  Hydralisk x15  
  199  11:36  Pneumatized Carapace  
  199  12:07  Zerg Missile Weapons Level 3, Zerg Ground Armor Level 3  
  199  12:08  Seismic Spines  
  149  13:00  Roach  
  149  13:01  Hydralisk x8, Roach x17  
  149  13:02  Hydralisk x8  
  189  13:06  Adaptive Talons  
  189  13:12  Overseer  
  189  13:13  Overseer  
  181  13:24  Hatchery  
  160  13:28  Hydralisk x4  
  160  13:29  Hydralisk x16  
Tags
 
Add a new tag
Caveats
  • Supply blocks, unpowered buildings, or Contaminate may cause inaccurate times.
  • Supply counts are checked every 10 seconds.